SNL (28 & UNDER)
WEST VIRGINIA POWER @ BLACKIRON DRAGONS
07/11/2023
 
TOP OF THE 1ST
West Virginia Power batting - Pitching for BlackIron Dragons : LHP Pedro Valdés
Pitching: LHP Pedro Valdés
Batting: RHB Alfonso Huertas 0-0: Called Strike
0-1: Foul Ball, location: 2F
0-2: Ground out 6-3 (Groundball, 6)
Batting: RHB Roberto Pérez 0-0: Called Strike
0-1: Ball
1-1: DOUBLE (Line Drive, 4M)
Batting: RHB Valentín Borges 0-0: Ball
1-0: Foul Ball, location: 2F
1-1: Foul Ball, location: 2F
1-2: Ball
2-2: Ball
3-2: Foul Ball, location: 2F
3-2: Foul Ball, location: 2F
3-2: Foul Ball, location: 2F
3-2: Fly out, F9 (Flyball, 9LD)
Runner from 2nd tags up, SAFE at 3rd, no throw
Batting: RHB Will Lott 0-0: Ball
1-0: Ball
2-0: DOUBLE (Line Drive, 7LM)
Roberto Pérez scores
Batting: RHB Doug Stephens 0-0: Ball
1-0: Ball
2-0: Ball
3-0: Base on Balls
Batting: LHB Ernie Jackson 0-0: Ball
1-0: Called Strike
1-1: Ball
2-1: Ball
3-1: Called Strike
3-2: Base on Balls
Will Lott to third
Doug Stephens to second
Batting: LHB Ryan Drake 0-0: Foul Ball, location: 2F
0-1: Foul Ball, location: 2F
0-2: Foul Ball, location: 2F
0-2: Ground out 4-3 (Groundball, 4)
Top of the 1st over - 1 run(s), 2 hit(s), 0 error(s), 3 left on base; West Virginia 1 - BlackIron 0
BOTTOM OF THE 1ST
BlackIron Dragons batting - Pitching for West Virginia Power : RHP Bobby Flynn
Pitching: RHP Bobby Flynn
Batting: RHB Kenneth Hilton 0-0: Ball
1-0: Ball
2-0: Foul Ball, location: 2F
2-1: Ground out 5-3 (Groundball, 5S)
Batting: RHB Edgardo Carrasco 0-0: Called Strike
0-1: Foul Ball, location: 2F
0-2: Ball
1-2: Foul Ball, location: 2F
1-2: Strikes out swinging
Batting: LHB Brian Roy 0-0: Called Strike
0-1: Ball
1-1: Ball
2-1: Ball
3-1: Base on Balls
Batting: RHB Dallas Blair 0-0: Ball
1-0: Called Strike
1-1: Swinging Strike
1-2: Foul Ball, location: 2F
1-2: Ball
2-2: Foul Ball, location: 2F
2-2: Ball
3-2: DOUBLE (Flyball, 78M)
Brian Roy to third
Brian Roy scores
Batting: RHB Phil Jacobs 0-0: Ball
1-0: Ball
2-0: Ball
3-0: Base on Balls
Batting: LHB Ramón Pérez 0-0: Foul Ball, location: 2F
0-1: Fly out, F8 (Flyball, 8LM)
Bottom of the 1st over - 1 run(s), 1 hit(s), 0 error(s), 2 left on base; West Virginia 1 - BlackIron 1
TOP OF THE 2ND
West Virginia Power batting - Pitching for BlackIron Dragons : LHP Pedro Valdés
Batting: RHB Jorge Ramírez 0-0: Ball
1-0: Called Strike
1-1: Foul Ball, location: 2F
1-2: SINGLE (Line Drive, 89S)
Batting: LHB Lúcio Anaya 0-0: Ball
1-0: Called Strike
1-1: Ball
2-1: Swinging Strike
2-2: Foul Ball, location: 2F
2-2: Fly out, F7 (Flyball, 7M)
Batting: RHB Alfonso Huertas 0-0: Ball
1-0: Ball
2-0: Foul Ball, location: 2F
2-1: Foul Ball, location: 2F
2-2: Foul Ball, location: 2F
2-2: Ball
3-2: Foul Ball, location: 2F
3-2: Foul Ball, location: 2F
3-2: Fielders Choice at 2nd, 1-4 (Groundball, 13)
Batting: RHB Roberto Pérez 0-0: Ball
1-0: Ball
2-0: Fly out, F9 (Flyball, 89M)
Top of the 2nd over - 0 run(s), 1 hit(s), 0 error(s), 1 left on base; West Virginia 1 - BlackIron 1
BOTTOM OF THE 2ND
BlackIron Dragons batting - Pitching for West Virginia Power : RHP Bobby Flynn
Batting: LHB Aurelio Torrez 0-0: Ball
1-0: Ball
2-0: Ball
3-0: Called Strike
3-1: Base on Balls
Batting: RHB Joaquín Rosales 0-0: Ball
1-0: Swinging Strike
1-1: Called Strike
1-2: Strikes out swinging
Batting: RHB Boyd Pittman 0-0: Ball
1-0: Foul Ball, location: 2F
1-1: Ball
Aurelio Torrez steals 2nd base
2-1: Called Strike
2-2: Strikes out swinging
Batting: RHB Kenneth Hilton 0-0: Ball
1-0: Ball
2-0: Ball
3-0: Base on Balls
Batting: RHB Edgardo Carrasco 0-0: Ball
1-0: Foul Ball, location: 2F
1-1: SINGLE (Groundball, 56)
Aurelio Torrez to third
Kenneth Hilton to second
Runner from 3rd tries for Home, SAFE, no throw or cutoff
Batting: LHB Brian Roy 0-0: Foul Ball, location: 2F
0-1: Called Strike
0-2: Ball
1-2: Strikes out swinging
Bottom of the 2nd over - 1 run(s), 1 hit(s), 0 error(s), 2 left on base; West Virginia 1 - BlackIron 2
TOP OF THE 3RD
West Virginia Power batting - Pitching for BlackIron Dragons : LHP Pedro Valdés
Batting: RHB Valentín Borges 0-0: Fly out, F8 (Flyball, 8RM)
Batting: RHB Will Lott 0-0: Swinging Strike
0-1: Ball
1-1: Foul Ball, location: 2F
1-2: Foul Ball, location: 2F
1-2: Foul Ball, location: 2F
1-2: Ball
2-2: Foul Ball, location: 2F
2-2: Ball
3-2: Fly out, F8 (Flyball, 8LM)
Batting: RHB Doug Stephens 0-0: Ball
1-0: SINGLE (Groundball, 6MD)
Batting: LHB Ernie Jackson 0-0: Fly out, F9 (Flyball, 9LM)
Top of the 3rd over - 0 run(s), 1 hit(s), 0 error(s), 1 left on base; West Virginia 1 - BlackIron 2
BOTTOM OF THE 3RD
BlackIron Dragons batting - Pitching for West Virginia Power : RHP Bobby Flynn
Batting: RHB Dallas Blair 0-0: Ball
1-0: Ball
2-0: Swinging Strike
2-1: Ball
3-1: Base on Balls
Batting: RHB Phil Jacobs Pickoff Throw to First - Error! E1
Dallas Blair to second
0-0: Called Strike
0-1: Called Strike
0-2: Strikes out looking
Batting: LHB Ramón Pérez 0-0: Called Strike
0-1: Swinging Strike
0-2: Ball
1-2: Ball
2-2: Ball
3-2: Strikes out swinging
Batting: LHB Aurelio Torrez 0-0: Called Strike
0-1: Ball
1-1: Ball
2-1: Ball
3-1: Called Strike
3-2: DOUBLE (Line Drive, 9LS)
Dallas Blair scores
Batting: RHB Joaquín Rosales 0-0: SINGLE (Groundball, 56D) (infield hit)
Aurelio Torrez to third
Batting: RHB Boyd Pittman 0-0: Ball
1-0: Swinging Strike
1-1: Ball
2-1: Ball
3-1: Base on Balls
Joaquín Rosales to second
Batting: RHB Kenneth Hilton 0-0: Called Strike
0-1: Ball
1-1: Ground out 6-3 (Groundball, 6)
Bottom of the 3rd over - 1 run(s), 2 hit(s), 1 error(s), 3 left on base; West Virginia 1 - BlackIron 3
TOP OF THE 4TH
West Virginia Power batting - Pitching for BlackIron Dragons : LHP Pedro Valdés
Batting: LHB Ryan Drake 0-0: Ball
1-0: SINGLE (Groundball, 4MD)
Batting: RHB Jorge Ramírez 0-0: Ball
1-0: Called Strike
1-1: Foul Ball, location: 2F
1-2: Ball
2-2: Strikes out looking
Batting: LHB Lúcio Anaya 0-0: Called Strike
0-1: Ball
1-1: Ground out 3-1 (Groundball, 34S)
Ryan Drake to second
Batting: RHB Alfonso Huertas 0-0: Ball
1-0: Ball
2-0: Ground out 6-3 (Groundball, 6)
Top of the 4th over - 0 run(s), 1 hit(s), 0 error(s), 1 left on base; West Virginia 1 - BlackIron 3
BOTTOM OF THE 4TH
BlackIron Dragons batting - Pitching for West Virginia Power : RHP Bobby Flynn
Batting: RHB Edgardo Carrasco 0-0: Foul Ball, location: 2F
0-1: Ball
1-1: Foul Ball, location: 2F
1-2: Ball
2-2: Ground out U3 (Groundball, 3)
Batting: LHB Brian Roy 0-0: Ball
1-0: Foul Ball, location: 2F
1-1: Ball
2-1: Ball
3-1: Foul Ball, location: 2F
3-2: DOUBLE (Flyball, 9LM)
Pitching: RHP Juan Herrera
Batting: RHB Dallas Blair 0-0: Called Strike
0-1: Ball
1-1: Ground out 5-3 (Groundball, 56S)
Brian Roy to third
Batting: RHB Phil Jacobs 0-0: Ball
1-0: Ball
2-0: Swinging Strike
2-1: Fly out, F3 (Popup, 3L)
Bottom of the 4th over - 0 run(s), 1 hit(s), 0 error(s), 1 left on base; West Virginia 1 - BlackIron 3
TOP OF THE 5TH
West Virginia Power batting - Pitching for BlackIron Dragons : LHP Pedro Valdés
Batting: RHB Roberto Pérez 0-0: Called Strike
0-1: Foul Ball, location: 2F
0-2: Foul Ball, location: 2F
0-2: Ball
1-2: Strikes out swinging
Batting: RHB Valentín Borges 0-0: Called Strike
0-1: Ball
1-1: Ball
2-1: Ball
3-1: Base on Balls
Batting: RHB Will Lott 0-0: Ball
1-0: Called Strike
1-1: Foul Ball, location: 2F
1-2: Strikes out swinging
Batting: RHB Doug Stephens 0-0: Reached on error, E6 (Groundball, 6)
Valentín Borges to second
Pitching: LHP José Gonzáles
Batting: LHB Ernie Jackson 0-0: Foul Ball, location: 2F
0-1: Ground out U3 (Groundball, 3L)
Top of the 5th over - 0 run(s), 0 hit(s), 1 error(s), 2 left on base; West Virginia 1 - BlackIron 3
BOTTOM OF THE 5TH
BlackIron Dragons batting - Pitching for West Virginia Power : RHP Juan Herrera
Batting: LHB Ramón Pérez 0-0: Foul Ball, location: 2F
0-1: Ball
1-1: Foul Ball, location: 2F
1-2: Ground out 4-3 (Groundball, 4S)
Batting: LHB Aurelio Torrez 0-0: Ball
1-0: Fly out, F9 (Flyball, 89M)
Batting: RHB Joaquín Rosales 0-0: Ball
1-0: Called Strike
1-1: Ball
2-1: Ball
3-1: Foul Ball, location: 2F
3-2: Foul Ball, location: 2F
3-2: Ground out 1-3 (Groundball, 13S)
Bottom of the 5th over - 0 run(s), 0 hit(s), 0 error(s), 0 left on base; West Virginia 1 - BlackIron 3
TOP OF THE 6TH
West Virginia Power batting - Pitching for BlackIron Dragons : LHP José Gonzáles
Batting: LHB Ryan Drake 0-0: Ball
1-0: Called Strike
1-1: Foul Ball, location: 2F
1-2: Foul Ball, location: 2F
1-2: Ball
2-2: Foul Ball, location: 2F
2-2: Ball
3-2: SINGLE (Line Drive, 4M)
Batting: RHB Jorge Ramírez 0-0: Swinging Strike
0-1: Foul Ball, location: 2F
0-2: Strikes out swinging
Batting: LHB Lúcio Anaya 0-0: Called Strike
0-1: SINGLE (Groundball, 34D)
Ryan Drake to second
Runner from 2nd tries for 3rd, SAFE, throw made to third
Batting: RHB Alfonso Huertas 0-0: Ball
1-0: Ball
2-0: Ball
3-0: Called Strike
3-1: Base on Balls
Lúcio Anaya to second
Batting: RHB Roberto Pérez 0-0: Ball
1-0: Foul Ball, location: 2F
1-1: Foul Ball, location: 2F
1-2: GRAND SLAM HOME RUN (Flyball, 7D), Distance : 405 ft
Pitching: RHP Simón Amejorado
Batting: RHB Valentín Borges 0-0: SINGLE (Line Drive, 6M)
Batting: RHB Will Lott 0-0: Ball
1-0: Ball
2-0: Grounds into double play, 6-4-3 (Groundball, 6M)
Top of the 6th over - 4 run(s), 4 hit(s), 0 error(s), 0 left on base; West Virginia 5 - BlackIron 3
BOTTOM OF THE 6TH
BlackIron Dragons batting - Pitching for West Virginia Power : RHP Juan Herrera
Batting: RHB Boyd Pittman 0-0: Foul Ball, location: 2F
0-1: Foul Ball, location: 2F
0-2: Strikes out swinging
Batting: RHB Kenneth Hilton 0-0: Called Strike
0-1: Ball
1-1: Ball
2-1: Ball
3-1: Called Strike
3-2: Foul Ball, location: 2F
3-2: SINGLE (Groundball, 34D)
Pitching: RHP Howard Baker
Batting: RHB Edgardo Carrasco 0-0: Ball
1-0: Swinging Strike
1-1: Ball
2-1: Ball
3-1: Base on Balls
Kenneth Hilton to second
Batting: LHB Brian Roy 0-0: Ball
Edgardo Carrasco steals 2nd base
Kenneth Hilton to third
1-0: Ball
2-0: Ball
3-0: Called Strike
3-1: SINGLE (Popup, 4MD)
Kenneth Hilton scores
Edgardo Carrasco to third
Runner from 3rd tries for Home, SAFE, throw made home
Brian Roy to second
Batting: RHB Dallas Blair 0-0: Fly out, F6 (Line Drive, 6)
Batting: RHB Phil Jacobs 0-0: Ball
1-0: Ball
2-0: Ball
3-0: Called Strike
3-1: Fly out, F9 (Line Drive, 9S)
Bottom of the 6th over - 2 run(s), 2 hit(s), 0 error(s), 1 left on base; West Virginia 5 - BlackIron 5
TOP OF THE 7TH
West Virginia Power batting - Pitching for BlackIron Dragons : RHP Simón Amejorado
Batting: RHB Doug Stephens 0-0: Called Strike
0-1: Ball
1-1: SINGLE (Groundball, 56D)
Pitching: LHP Frederick Cesti
Pinch Hitting: RHB Vicente Torres 0-0: Bunted foul
0-1: Ball
1-1: Bunted foul
1-2: Foul Ball, location: 2F
1-2: Strikes out looking
Pitching: LHP Manny Luján
Pinch Hitting: RHB Cristián Herrera 0-0: Foul Ball, location: 2F
0-1: Ball
1-1: Ball
2-1: Ball
3-1: Foul Ball, location: 2F
3-2: Foul Ball, location: 2F
3-2: Base on Balls
Doug Stephens to second
Pinch Hitting: RHB Wilson Gonzáles 0-0: Ball
1-0: Foul Ball, location: 2F
1-1: Grounds into double play, 6-4-3 (Groundball, 6)
Top of the 7th over - 0 run(s), 1 hit(s), 0 error(s), 1 left on base; West Virginia 5 - BlackIron 5
BOTTOM OF THE 7TH
BlackIron Dragons batting - Pitching for West Virginia Power : RHP Howard Baker
Now at 2B: Wilson Gonzáles
Now at 3B: Rubén Ayala
Now at SS: Dave McGrath
Batting: LHB Ramón Pérez 0-0: Ball
1-0: Fly out, F5 (Popup, 5F)
Batting: LHB Aurelio Torrez 0-0: Ball
1-0: Ball
2-0: Called Strike
2-1: Ball
3-1: Foul Ball, location: 2F
3-2: Foul Ball, location: 2F
3-2: Fly out, F7 (Line Drive, 7M)
Pinch Hitting: RHB Cole Ball 0-0: Foul Ball, location: 2F
0-1: Ball
1-1: Ball
2-1: Foul Ball, location: 2F
2-2: Ball
3-2: Foul Ball, location: 2F
3-2: Strikes out swinging
Bottom of the 7th over - 0 run(s), 0 hit(s), 0 error(s), 0 left on base; West Virginia 5 - BlackIron 5
TOP OF THE 8TH
West Virginia Power batting - Pitching for BlackIron Dragons : LHP Manny Luján
Now at 3B: Rusty Clinton
Pinch Hitting: RHB Eric Johnson 0-0: Ball
1-0: Ball
2-0: Ball
3-0: Base on Balls
Batting: RHB Alfonso Huertas 0-0: Ball
1-0: Bunted foul
1-1: Bunted foul
1-2: Foul Ball, location: 2F
1-2: Foul Ball, location: 2F
1-2: Fly out, F8 (Flyball, 8RS)
Batting: RHB Roberto Pérez 0-0: Ball
Eric Johnson steals 2nd base
1-0: Ball
2-0: Swinging Strike
2-1: Ball
3-1: Foul Ball, location: 2F
3-2: Strikes out swinging
Batting: RHB Valentín Borges 0-0: Ball
1-0: Ball
2-0: Ball
3-0: Base on Balls
Batting: RHB Will Lott 0-0: Swinging Strike
0-1: Ball
1-1: Called Strike
1-2: Ball
2-2: Strikes out swinging
Top of the 8th over - 0 run(s), 0 hit(s), 0 error(s), 2 left on base; West Virginia 5 - BlackIron 5
BOTTOM OF THE 8TH
BlackIron Dragons batting - Pitching for West Virginia Power : RHP Howard Baker
Now in RF: Andrés Carrillo
Pinch Hitting: RHB Ed Sims 0-0: Ball
1-0: Ground out 1-3 (Groundball, 13)
Pitching: RHP Cory Lowe
Batting: RHB Kenneth Hilton 0-0: Ball
1-0: Called Strike
1-1: Called Strike
1-2: Strikes out swinging
Batting: RHB Edgardo Carrasco 0-0: Ball
1-0: Ball
2-0: Foul Ball, location: 2F
2-1: Ball
3-1: Base on Balls
Batting: LHB Brian Roy 0-0: Ball
1-0: Ball
2-0: Ball
3-0: Called Strike
3-1: Base on Balls
Edgardo Carrasco to second
Batting: RHB Dallas Blair 0-0: Swinging Strike
0-1: Fielders Choice at 2nd, U6 (Groundball, 6M)
Bottom of the 8th over - 0 run(s), 0 hit(s), 0 error(s), 2 left on base; West Virginia 5 - BlackIron 5
TOP OF THE 9TH
West Virginia Power batting - Pitching for BlackIron Dragons : LHP Manny Luján
Pitching: RHP César Rúbio
Now at 2B: Ed Sims
Batting: RHB Doug Stephens 0-0: Ball
1-0: Foul Ball, location: 2F
1-1: Called Strike
1-2: Ball
2-2: Fly out, F9 (Flyball, 9M)
Pinch Hitting: RHB Tyler Baker 0-0: Foul Ball, location: 2F
0-1: Called Strike
0-2: Strikes out swinging
Pinch Hitting: LHB Jesús Ángel 0-0: Ball
1-0: Fly out, F8 (Flyball, 78D)
Top of the 9th over - 0 run(s), 0 hit(s), 0 error(s), 0 left on base; West Virginia 5 - BlackIron 5
BOTTOM OF THE 9TH
BlackIron Dragons batting - Pitching for West Virginia Power : RHP Cory Lowe
Pitching: RHP Mark Sanders
Now at 3B: Ron Guillén
Now at SS: Claudio Morán
Batting: RHB Phil Jacobs 0-0: Ball
1-0: Foul Ball, location: 2F
1-1: Called Strike
1-2: Ball
2-2: Foul Ball, location: 2F
2-2: Foul Ball, location: 2F
2-2: Ball
3-2: Foul Ball, location: 2F
3-2: Foul Ball, location: 2F
3-2: Strikes out swinging
Batting: LHB Ramón Pérez 0-0: Called Strike
0-1: SINGLE (Line Drive, 3D)
Batting: LHB Aurelio Torrez 0-0: Ball
1-0: Called Strike
Throwing error on steal attempt, E2
Ramón Pérez to third
1-1: Intentional Walk
Batting: LHB Rusty Clinton 0-0: Ball
Aurelio Torrez steals 2nd base
1-0: Intentional Walk
Batting: RHB Ed Sims 0-0: Swinging Strike
0-1: Called Strike
0-2: Foul Ball, location: 2F
0-2: Ball
1-2: Strikes out swinging
Batting: RHB Kenneth Hilton 0-0: Ground out 5-3 (Groundball, 56S)
Bottom of the 9th over - 0 run(s), 1 hit(s), 1 error(s), 3 left on base; West Virginia 5 - BlackIron 5
TOP OF THE 10TH
West Virginia Power batting - Pitching for BlackIron Dragons : RHP César Rúbio
Batting: RHB Wilson Gonzáles 0-0: Swinging Strike
0-1: Called Strike
0-2: Foul Ball, location: 2F
0-2: Strikes out swinging
Batting: RHB Andrés Carrillo 0-0: Ball
1-0: Called Strike
1-1: Called Strike
1-2: Fly out, F7 (Line Drive, 7M)
Batting: RHB Alfonso Huertas 0-0: Called Strike
0-1: Ball
1-1: Ball
2-1: Called Strike
2-2: Ball
3-2: Fly out, F1 (Popup, 15S)
Top of the 10th over - 0 run(s), 0 hit(s), 0 error(s), 0 left on base; West Virginia 5 - BlackIron 5
BOTTOM OF THE 10TH
BlackIron Dragons batting - Pitching for West Virginia Power : RHP Mark Sanders
Batting: RHB Edgardo Carrasco 0-0: Called Strike
0-1: Ball
1-1: Swinging Strike
1-2: Ground out 4-3 (Groundball, 4)
Batting: LHB Brian Roy 0-0: Ball
1-0: DOUBLE (Flyball, 8RXD)
Batting: RHB Dallas Blair 0-0: Ball
1-0: Ball
2-0: Called Strike
2-1: Called Strike
2-2: Foul Ball, location: 2F
2-2: Ball
3-2: Strikes out swinging
Batting: RHB Phil Jacobs 0-0: Ball
1-0: Ball
2-0: Fly out, F4 (Line Drive, 4MD)
Bottom of the 10th over - 0 run(s), 1 hit(s), 0 error(s), 1 left on base; West Virginia 5 - BlackIron 5
TOP OF THE 11TH
West Virginia Power batting - Pitching for BlackIron Dragons : RHP César Rúbio
Pitching: RHP Luis Canseco
Batting: RHB Roberto Pérez 0-0: Ball
1-0: Foul Ball, location: 2F
1-1: Fly out, F9 (Flyball, 9LM)
Batting: RHB Valentín Borges 0-0: Called Strike
0-1: Ball
1-1: SINGLE (Line Drive, 4M)
Batting: RHB Will Lott 0-0: Ball
1-0: Foul Ball, location: 2F
1-1: Called Strike
1-2: Ball
2-2: Ball
3-2: Base on Balls
Valentín Borges to second
Batting: RHB Doug Stephens 0-0: Foul Ball, location: 2F
0-1: Ball
1-1: DOUBLE (Line Drive, 7LM)
Valentín Borges scores
Will Lott to third
Runner from 3rd tries for Home, SAFE, throw made home
Batting: RHB Ron Guillén 0-0: Intentional Walk
Pinch Hitting: RHB Lance Wolf 0-0: Called Strike
0-1: Foul Ball, location: 2F
0-2: Ball
1-2: Fly out, F8 (Flyball, 8LXD)
Runner from 2nd tags up, SAFE at 3rd, no throw
Batting: RHB Wilson Gonzáles 0-0: SINGLE (Line Drive, 89M)
Doug Stephens scores
Ron Guillén to second
Batting: RHB Andrés Carrillo 0-0: Ball
1-0: Called Strike
1-1: Ball
2-1: Called Strike
2-2: Strikes out looking
Top of the 11th over - 3 run(s), 3 hit(s), 0 error(s), 2 left on base; West Virginia 8 - BlackIron 5
BOTTOM OF THE 11TH
BlackIron Dragons batting - Pitching for West Virginia Power : RHP Mark Sanders
Now at SS: Aaron Murray
Batting: LHB Ramón Pérez 0-0: Fly out, F9 (Flyball, 89M)
Batting: LHB Aurelio Torrez 0-0: Foul Ball, location: 2F
0-1: DOUBLE (Flyball, 78D)
Batting: LHB Rusty Clinton 0-0: Ground out U3 (Groundball, 3S)
Aurelio Torrez to third
Batting: RHB Ed Sims 0-0: Ball
1-0: Foul Ball, location: 2F
1-1: SINGLE (Groundball, 4M)
Aurelio Torrez scores
Batting: RHB Kenneth Hilton 0-0: Foul Ball, location: 2F
0-1: Swinging Strike
0-2: Ball
1-2: Fielders Choice at 2nd, U4 (Groundball, 4M)
Bottom of the 11th over - 1 run(s), 2 hit(s), 0 error(s), 1 left on base; West Virginia 8 - BlackIron 6
This league is powered by Out of the Park Baseball, the baseball management simulation game for PC, Mac and Linux
Wednesday, December 2nd, 2015 - OOTP Baseball 16.8 Build 38